 Dungeon Crawl Stone Soup version 0.28.0 (webtiles) character file.

Game seed: 1730639313822004355

23422 trckry the Grand Scion (level 12, -11/77 HPs)
             Began as a Demonspawn Brigand on Feb 5, 2022.
             Was a High Priest of Hepliaklqana.
             Mangled by Saint Roka (21 damage)
             ... on level 1 of the Orcish Mines.
             The game lasted 00:59:23 (13517 turns).

trckry the Grand Scion (Demonspawn Brigand)        Turns: 13517, Time: 00:59:23

Health: -11/77     AC: 18    Str: 15    XL:     12   Next: 71%
Magic:  0/22       EV: 15    Int: 20    God:    Hepliaklqana [*****.]
Gold:   1211       SH:  5    Dex: 16    Spells: 11/11 levels left

rFire   . . .      SeeInvis .   b - +10 falchion of Erphyatij {vorpal, Will++}
rCold   + + .      Faith    .   (no shield)
rNeg    . . .      Spirit   +   u - +3 leather armour "Saupyil" {Int+7 Stlth+}
rPois   .          Reflect  +   (no helmet)
rElec   .          Harm     .   A - +2 cloak
rCorr   .          Rampage  .   (gloves unavailable)
Will    +++..                   (no boots)
Stlth   +++++.....              q - amulet of reflection
HPRegen 0.22/turn               g - +4 ring of protection
MPRegen 0.36/turn               l - ring of protection from cold

@: no status effects
A: reduced essence, icy blue scales 2, ignite blood 2, magic shield, magic
regeneration, demonic touch 3, cold resistance 1, high MP 1, strong-willed 1,
shaggy fur 1
a: Renounce Religion, Recall Ancestor, Ancestor Identity, Transference, Idealise


You were on level 1 of the Orcish Mines.
You worshipped Hepliaklqana.
Hepliaklqana was extremely pleased with you.
You visited 3 branches of the dungeon, and saw 14 of its levels.

You collected 1276 gold pieces.
You spent 65 gold pieces at shops.

Inventory:

Hand Weapons
 a - a +3 dagger of venom
 b - the +10 falchion of Erphyatij (weapon) {vorpal, Will++}
   (You found it on level 5 of the Dungeon)

   It inflicts extra damage upon your enemies.
   Will:      It greatly increases your willpower.
Missiles
 d - 64 poisoned darts (quivered)
 o - 2 throwing nets
Armour
 u - the +3 leather armour "Saupyil" (worn) {Int+7 Stlth+}
   (You found it on level 4 of the Dungeon)

   Int:       It affects your intelligence (+7).
   Stlth:     It makes you more stealthy.
 A - a +2 cloak (worn)
Jewellery
 g - a +4 ring of protection (left hand)
 l - a ring of protection from cold (right hand)
 q - an amulet of reflection (around neck)
 z - a ring of ice
 H - a ring of fire
 N - a ring of wizardry
Wands
 p - a wand of flame (20)
 v - a wand of polymorph (3)
 w - a wand of acid (19)
 x - a wand of iceblast (22)
 D - a wand of paralysis (21)
 F - a wand of digging (5)
 K - a wand of mindburst (6)
 L - a wand of charming (4)
Scrolls
 f - a scroll of magic mapping
 h - 2 scrolls of amnesia
 i - a scroll of acquirement
 k - 5 scrolls of identify
 y - a scroll of enchant weapon
 G - a scroll of teleportation
Potions
 j - 2 potions of might
 n - 3 potions of flight
 s - a potion of mutation
Miscellaneous
 J - a tin of tremorstones (2/2)


   Skills:
 + Level 5.0 Fighting
 - Level 10.0 Short Blades
 - Level 6.0 Throwing
 + Level 6.7 Armour
 + Level 6.6 Dodging
 + Level 10.0 Stealth
 + Level 11.6 Invocations
 - Level 5.0 Evocations


You had 11 spell levels left.
You didn't know any spells.
Your spell library contained the following spells:

 Spells                   Type           Power      Damage    Failure   Level
 Summon Small Mammal      Summ           0%         N/A       22%         1
 Call Canine Familiar     Summ           0%         N/A       56%         3
 Conjure Flame            Conj/Fire      0%         6-21      56%         3
 Ignite Poison            Fire/Tmut/Pois 0%         N/A       56%         3
 Summon Guardian Golem    Hex/Summ       0%         N/A       56%         3
 Tukima's Dance           Hex            0%         N/A       56%         3
 Passage of Golubria      Tloc           0%         N/A       92%         4
 Petrify                  Tmut/Erth      0%         N/A       92%         4
 Sticky Flame             Conj/Fire      0%         2d3       92%         4
 Metabolic Englaciation   Hex/Ice        0%         N/A       99%         5
 Yara's Violent Unravell  Hex/Tmut       0%         3d3       99%         5
 Statue Form              Tmut/Erth      0%         N/A       100%        6


Dungeon Overview and Level Annotations

Branches:
Dungeon (11/15)            Temple (1/1) D:4            Lair (0/6) D:11
    Orc (2/2) D:11            Elf (0/3) Orc:2

Altars:
Ashenzari
Cheibriados
Dithmenos
Elyvilon
Fedhas
Gozag
Hepliaklqana
Kikubaaqudgha
Makhleb
Nemelex Xobeh
Okawaru
Qazlal
Sif Muna
Trog
Uskayaw
Vehumet
Wu Jian
Yredelemnul
Zin
The Shining One
Beogh

Shops:
D:7 *   D:9 !   D:11 [   Orc:1 *

Annotations:
D:8 2 runed translucent doors, Bricks's ghost, novice MiBe
D:10 2 runed translucent doors
D:11 1 runed translucent door
Orc:1 Saint Roka
Orc:2 3 runed translucent doors, Strat's ghost, journeyman VSMo


Innate Abilities, Weirdness & Mutations

Your life essence is reduced to manifest your ancestor. (-10% HP)
You are mostly covered in icy blue scales. (AC +3)
Your demonic aura often causes spilled blood to erupt in flames.
When hurt, damage is shared between your health and your magic reserves.
You regenerate magic rapidly.
Your touch may irresistibly damage your foes and sap their willpower.
Your flesh is cold resistant. (rC+)
You have an increased reservoir of magic. (+10% MP)
You are strong-willed. (Will+)
You are covered in fur. (AC +1)


Message History

Aim: Saint Roka, wielding a +1 dire flail of holy wrath and wearing a +1 chain mail of cold resistance (flame, lightly wounded, extremely poisoned, lightly drained, 72% to hit)
You throw a poisoned dart. The poisoned dart hits Saint Roka!
Saint Roka looks as sick as possible!
Saint Roka is lightly wounded.
Saint Roka is engulfed in blazing flames.
Saint Roka calls down the wrath of Beogh upon you.
Beogh smites you!
Throw: 65 darts (poison)
Press: ? - help, Q - select action, (/) - cycle Shift-Dir - straight line, f/p - Saint Roka
Aim: Saint Roka, wielding a +1 dire flail of holy wrath and wearing a +1 chain mail of cold resistance (flame, moderately wounded, extremely poisoned, lightly drained, 72% to hit)
You throw a poisoned dart. The poisoned dart hits Saint Roka!
Saint Roka looks as sick as possible!
Saint Roka is moderately wounded.
Saint Roka is engulfed in blazing flames.
Your +3 dagger of venom stops dripping with poison.
b - the +10 falchion of Erphyatij (weapon)
{vorpal, Will++}
(D) Dungeon (T) Temple (L) Lair (O) Orcish Mines (E) Elven Halls
Where to? (Enter - D:11 @ (x,y), ? - help)
Okay, then.
Aiming: Corrosive Bolt
Press: ? - help, Shift-Dir - straight line, f/p - Saint Roka
Aim: Saint Roka, wielding a +1 dire flail of holy wrath and wearing a +1 chain mail of cold resistance (moderately wounded, extremely poisoned, lightly drained, 81% to hit)
The bolt of acid hits Saint Roka!
Saint Roka is moderately wounded.
Aiming: Corrosive Bolt
Press: ? - help, Shift-Dir - straight line, f/p - Saint Roka
Aim: Saint Roka, wielding a +1 dire flail of holy wrath and wearing a +1 chain mail of cold resistance (moderately wounded, extremely poisoned, lightly drained, 81% to hit)
The bolt of acid hits Saint Roka!
Saint Roka is moderately wounded.
You completely miss Saint Roka.
Saint Roka is heavily wounded.
Saint Roka hits you with a +1 dire flail of holy wrath!
You convulse!
You completely miss Saint Roka.
You touch Saint Roka.
You sap their willpower!
Saint Roka is heavily wounded.
Saint Roka hits you with a +1 dire flail of holy wrath!!
* * * LOW HITPOINT WARNING * * *
You convulse!!
You die...

#.......###..............#...
##.......####'#....<.........
#.......### #.≈.....#........
##....#.#..###(≈≈#..#.#.......
#..........'..∩..'.....#......
##.........#≈≈.###......[[....
###..#.##...≈.#.^)......>....
##........#..#o#..........[...
#............@..........[.....
##.......[...○................
##.......#............>......
##.......#.#...#..##..........
#..............#....#.........
##....>[.#.##..##............#
#.......#.###....#........#.#.
#..........###.......))..###..
#......##.#.##......[.[(..###.


You could see Saint Roka (extremely poisoned, weak-willed, drained).

Vanquished Creatures
  Rupert (Orc:2)
  A hydra (D:11)
  2 two-headed ogres
  3 orc high priests (Orc:2)
  5 orc knights (Orc:2)
  3 cyclopes
  2 orc sorcerers
  Maurice (D:11)
  2 centaur zombies (D:11)
  An unseen horror (D:10)
  2 kobold demonologists (D:10)
  4 trolls
  A hornet (D:9)
  5 vampire mosquitoes (D:11)
  7 wargs
  A steam dragon (D:5)
  A water moccasin (D:9)
  2 ice beasts (D:8)
  2 black bears
  29 orc warriors
  3 sky beasts
  4 ogres
  3 centaurs
  9 kobold brigands (D:10)
  3 bullfrogs
  2 scorpions
  A gnoll sergeant (D:9)
  3 killer bees (D:10)
  16 wights
  3 howler monkeys
  A jelly (D:5)
  A hound (D:5)
  A bullfrog zombie (D:5)
  19 orc priests
  3 iguanas
  7 orc wizards
  3 howler monkey zombies
  7 gnolls
  A howler monkey skeleton (D:5)
  4 adders
  2 shadow imps (D:10)
  2 white imps
  A dart slug (D:4)
  3 worms (D:2)
  38 orcs
  2 bats (D:2)
  4 endoplasms
  2 giant cockroaches (D:2)
  4 goblins
  3 hobgoblins (D:4)
  A quokka (D:1)
  3 ball pythons
  A frilled lizard (D:2)
  28 kobolds
  7 kobold skeletons (D:10)
  10 kobold zombies (D:10)
  4 rats
284 creatures vanquished.

Vanquished Creatures (collateral kills)
  An orc high priest (Orc:2)
  An orc knight (Orc:2)
  An ugly thing (D:7)
  A centaur zombie (D:7)
  A kobold demonologist (D:10)
  The ghost of Spectrina the Scratcher, an amateur FeMo of Qazlal (D:5)
  3 orc warriors
  An ice beast (D:7)
  A black bear (D:6)
  An ogre (Orc:2)
  A kobold brigand (D:10)
  A water moccasin zombie (D:6)
  A gnoll sergeant (D:8)
  4 killer bees (D:10)
  A howler monkey (D:9)
  2 orc priests
  An iguana (D:7)
  2 orc wizards
  2 gnolls
  14 orcs
  A bat (D:2)
  An endoplasm (D:4)
  A giant cockroach (D:4)
  A ball python (D:3)
  A goblin (D:4)
  4 kobolds (D:10)
  A kobold skeleton (D:10)
51 creatures vanquished.

Vanquished Creatures (others)
  An orc priest (D:11)
  10 hexers
  3 ancestors
14 creatures vanquished.

Grand Total: 349 creatures vanquished

Notes
Turn   | Place    | Note
-------+----------+-------------------------------------------
     0 | D:1      | trckry the Demonspawn Brigand began the quest for the Orb.
     0 | D:1      | Reached XP level 1. HP: 16/16 MP: 1/1
    29 | D:1      | Reached skill level 1 in Dodging
   273 | D:1      | Found a faded altar of an unknown god.
   575 | D:1      | Prayed at the altar of an unknown god.
   575 | D:1      | Became a worshipper of Hepliaklqana the Forgotten
   575 | D:1      | Reached * piety under Hepliaklqana
   599 | D:2      | Gained mutation: You are partially covered in icy blue
                  | scales. (AC +2) [demonic ancestry]
   599 | D:2      | Reached XP level 2. HP: 19/19 MP: 2/2
   672 | D:2      | Reached skill level 1 in Armour
  1095 | D:2      | Gained mutation: Your demonic aura sometimes causes spilled
                  | blood to erupt in flames. [demonic ancestry]
  1095 | D:2      | Reached XP level 3. HP: 19/24 MP: 3/3
  1535 | D:3      | Reached ** piety under Hepliaklqana
  1558 | D:3      | Noticed an ogre
  1578 | D:3      | Killed an ogre
  1579 | D:3      | Gained mutation: You are mostly covered in icy blue scales.
                  | (AC +3) [demonic ancestry]
  1579 | D:3      | Reached XP level 4. HP: 29/29 MP: 4/4
  2026 | D:4      | Gained mutation: Your demonic aura often causes spilled
                  | blood to erupt in flames. [demonic ancestry]
  2026 | D:4      | Reached XP level 5. HP: 33/34 MP: 5/5
  2255 | D:4      | Noticed a sky beast
  2263 | D:4      | Killed a sky beast
  2264 | D:4      | Reached skill level 5 in Stealth
  2264 | D:4      | Reached XP level 6. HP: 39/39 MP: 6/6
  2550 | D:4      | Found a staircase to the Ecumenical Temple.
  2557 | Temple   | Entered the Ecumenical Temple
  2874 | D:4      | Identified the +3 leather armour "Saupyil" {Int+7 Stlth+}
  2915 | D:5      | Entered Level 5 of the Dungeon
  3089 | D:5      | Gained mutation: Your touch may inflict minor irresistible
                  | damage on your foes. [demonic ancestry]
  3089 | D:5      | Reached XP level 7. HP: 45/45 MP: 7/7
  3122 | D:5      | Found a runed translucent door.
  3390 | D:5      | Noticed Spectrina's ghost (amateur FeMo)
  3528 | D:5      | Reached *** piety under Hepliaklqana
  3638 | D:5      | Noticed a steam dragon
  3652 | D:5      | Identified the +10 falchion of Erphyatij {vorpal, Will++}
  3676 | D:5      | Remembered your ancestor Thoko as a hexer
  3804 | D:5      | Killed a steam dragon
  3974 | D:5      | Killed Spectrina's ghost
  4083 | D:6      | Gained mutation: You regenerate magic rapidly. [demonic
                  | ancestry]
  4083 | D:6      | Reached XP level 8. HP: 30/50 MP: 8/8
  4787 | D:6      | Reached skill level 1 in Invocations
  4891 | D:7      | Reached skill level 2 in Invocations
  4928 | D:7      | Reached skill level 5 in Short Blades
  4928 | D:7      | Reached skill level 1 in Evocations
  5031 | D:7      | Gained mutation: When hurt, damage is shared between your
                  | health and your magic reserves. [demonic ancestry]
  5031 | D:7      | Reached XP level 9. HP: 43/54 MP: 9/11
  5049 | D:7      | Reached skill level 5 in Armour
  5049 | D:7      | Reached skill level 5 in Dodging
  5049 | D:7      | Reached skill level 3 in Invocations
  5222 | D:7      | Reached skill level 4 in Invocations
  5404 | D:7      | Noticed a green ugly thing
  5406 | D:7      | Reached **** piety under Hepliaklqana
  5421 | D:7      | Killed a green ugly thing
  5422 | D:7      | Reached skill level 5 in Invocations
  5602 | D:7      | Found Jinuqo's Assorted Antiques.
  6126 | D:8      | Found a large runed translucent door.
  6126 | D:8      | Found a large runed translucent door.
  6127 | D:8      | Noticed Bricks's ghost (novice MiBe)
  6184 | D:8      | Reached skill level 6 in Invocations
  6348 | D:8      | Identified the -3 pair of boots of Defiance {Will++}
  6474 | D:8      | Found a radiant altar of Vehumet.
  6532 | D:8      | Reached XP level 10. HP: 58/60 MP: 14/14
  6777 | D:9      | Found Wugec's Distillery.
  6784 | D:9      | Reached skill level 5 in Throwing
  6792 | D:9      | Reached skill level 7 in Invocations
  6969 | D:9      | Bought a potion of heal wounds for 65 gold pieces
  7089 | D:9      | Identified the +1 robe of the Big Bang {rElec Will+ Str-5
                  | Dex+4}
  7626 | D:10     | Entered Level 10 of the Dungeon
  7767 | D:10     | Reached skill level 8 in Invocations
  7830 | D:10     | Found an ancient bone altar of Kikubaaqudgha.
  7889 | D:10     | Found a large runed translucent door.
  7890 | D:10     | Found a large runed translucent door.
  7972 | D:10     | Noticed a two-headed ogre
  7980 | D:10     | Killed a two-headed ogre
  8501 | D:10     | Reached skill level 9 in Invocations
  8592 | D:10     | HP: 6/56 [poisoned by a kobold brigand (curare-tipped
                  | dart)]
  8599 | D:10     | Gained mutation: You are covered in fur. (AC +1) [potion of
                  | mutation]
  8599 | D:10     | Gained mutation: Your flesh is cold resistant. (rC+)
                  | [potion of mutation]
  8599 | D:10     | Gained mutation: You have an increased reservoir of magic.
                  | (+10% MP) [potion of mutation]
  8599 | D:10     | Gained mutation: You are strong-willed. (Will+) [potion of
                  | mutation]
  8669 | D:10     | Found an ancient bone altar of Kikubaaqudgha.
  8673 | D:10     | Gained mutation: Your touch may inflict irresistible damage
                  | on your foes. [demonic ancestry]
  8673 | D:10     | Reached XP level 11. HP: 47/64 MP: 16/19
  9019 | D:11     | Noticed Maurice
  9038 | D:11     | Noticed a six-headed hydra
  9073 | D:11     | Found Susoriek's Armour Emporium.
  9073 | D:11     | Found a staircase to the Orcish Mines.
  9114 | D:11     | Killed Maurice
  9179 | D:11     | Reached ***** piety under Hepliaklqana
  9265 | D:11     | Reached skill level 5 in Evocations
  9410 | D:11     | Reached skill level 10 in Invocations
  9760 | D:11     | Noticed a two-headed ogre
  9767 | D:11     | Killed a two-headed ogre
  9782 | D:11     | Killed a seven-headed hydra
  9993 | D:11     | Found a staircase to the Lair.
 10096 | D:11     | Noticed a sphinx
 10096 | D:11     | Noticed a deep elf high priest
 10097 | D:11     | Found a runed translucent door.
 10098 | D:11     | Noticed a glowing orange brain
 10098 | D:11     | a floating eye changed into a glowing orange brain
 10099 | D:11     | Noticed a flayed ghost
 10099 | D:11     | Noticed a phantasmal warrior
 10099 | D:11     | Noticed an orb spider
 10099 | D:11     | Noticed a stone giant
 10099 | D:11     | Noticed a fire dragon
 10101 | D:11     | a glowing orange brain changed into a torpor snail
 10223 | D:11     | Noticed an anaconda
 10223 | D:11     | Noticed a jorogumo
 10229 | D:11     | Noticed an orb spider
 10229 | D:11     | Noticed an ice dragon
 10235 | D:11     | an orb spider changed into an elephant
 10237 | D:11     | Noticed a satyr
 10254 | Orc:1    | Entered Level 1 of the Orcish Mines
 10254 | Orc:1    | Found Adwegoah's Assorted Antiques.
 10542 | Orc:1    | Noticed an orc sorcerer
 10552 | Orc:1    | Killed an orc sorcerer
 10774 | Orc:1    | Identified a scroll of acquirement
 10921 | Orc:2    | Entered Level 2 of the Orcish Mines
 10921 | Orc:2    | Noticed an orc sorcerer
 10928 | Orc:2    | Killed an orc sorcerer
 10966 | Orc:2    | Noticed Saint Roka
 11074 | Orc:2    | Found a staircase to the Elven Halls.
 11111 | Orc:2    | Noticed Rupert
 11255 | Orc:2    | Noticed an orc knight
 11293 | Orc:2    | Killed an orc knight
 11294 | Orc:2    | Reached skill level 10 in Short Blades
 11294 | Orc:2    | Gained mutation: Your touch may irresistibly damage your
                  | foes and sap their willpower. [demonic ancestry]
 11294 | Orc:2    | Reached XP level 12. HP: 20/72 MP: 14/21
 11536 | Orc:2    | Noticed an orc high priest
 11564 | Orc:2    | Killed an orc high priest
 12112 | Orc:2    | Reached skill level 11 in Invocations
 12141 | Orc:2    | Noticed an orc high priest
 12159 | Orc:2    | Killed an orc high priest
 12275 | Orc:2    | Noticed an orc high priest
 12278 | Orc:2    | Noticed an orc high priest
 12282 | Orc:2    | Killed an orc high priest
 12288 | Orc:2    | Killed an orc high priest
 12297 | Orc:2    | Noticed an orc high priest
 12451 | Orc:2    | Killed Rupert
 12452 | Orc:2    | Reached skill level 10 in Stealth
 12453 | Orc:2    | Found a runed translucent gate.
 12453 | Orc:2    | Found a runed translucent gate.
 12453 | Orc:2    | Found a runed translucent gate.
 12471 | Orc:2    | Noticed Strat's ghost (journeyman VSMo)
 12496 | Orc:2    | Identified the +8 chain mail "Mimor" {Fly rC++}
 12533 | Orc:2    | Identified the +9 plate armour "Ipneihin" {Rampage rPois
                  | Str+3}
 12543 | Orc:2    | Noticed an orc high priest
 12543 | Orc:2    | Found the +2 ratskin cloak {*Rats rPois rN+ Str-1 Int-1
                  | Dex+1}
 12594 | Orc:1    | Reached skill level 5 in Fighting
 13092 | Orc:1    | HP: 3/77 [Saint Roka/divine providence (12)]
 13517 | Orc:1    | HP: 10/77 [Saint Roka (22)]
 13517 | Orc:1    | Mangled by Saint Roka

Illustrated notes

Levels and vault maps discovered:
D:1:      dpeg_arrival_stonehenge_8_columns, layout_rooms,
          shapermc_ecumenical_altar_totnotflames, minmay_door_square
D:2:      layout_loops_ring
D:3:      layout_loops_cross, kennysheep_generic_room_3
D:4:      layout_cave_pools, minmay_temple_entry_enclosed_plants,
          grunt_decor_junction, minmay_misc_feat_iff
D:5:      layout_basic, ebering_ghost_reflecting_pool
D:6:      layout_basic
D:7:      layout_cave_pools, serial_shops, kennysheep_mini_moat,
          minmay_microvault
D:8:      layout_rooms, mainiacjoe_overflow_surrounded_room,
          ebering_ghost_disaster_area, minivault_1
D:9:      layout_loops_ring, serial_shops, shop
D:10:     wander_kiku_kobolds, layout_gridville,
          nicolae_kikubaaqudgha_miasma_corner, jmf_multi_god_temple2
D:11:     minmay_gate_of_8, layout_long_grid, lair_entry_dummy, orc_david_3,
          uniq_maurice
Temple:   mainiacjoe_temple_coin_purse
Orc:1:    layout_caves, serial_shops, nicolae_shop_hallway_plus, basic_altar
Orc:2:    st_orc_pillars, layout_caves, biasface_ghost_orc_armoury,
          uniq_saint_roka, uniq_rupert

Skill      XL: |  1  2  3  4  5  6  7  8  9 10 11 12 |
---------------+-------------------------------------+-----
Dodging        | 1 2 3 4 5 6 |  6.6
Armour         | 1 2 3 4 5 6 |  6.7
Stealth        | 4 5 6 7 9 10 | 10.0
Throwing       | 2 3 4 5 6 |  6.0
Short Blades   | 2 3 5 6 7 10 | 10.0
Invocations    | 2 6 9 10 11 | 11.6
Evocations     | 1 3 4 5 |  5.0
Fighting       | 5 |  5.0

Action                   |  1- 3 |  4- 6 |  7- 9 | 10-12 || total
-------------------------+-------+-------+-------+-------++-------
Melee: Dagger            |    53 |    75 |   165 |   545 ||   838
       Punch             |     1 |     1 |     5 |    12 ||    19
       Touch             |       |       |    44 |   141 ||   185
       Falchion          |       |       |    45 |   143 ||   188
Throw: Dart              |     4 |     2 |     4 |    50 ||    60
Invok: Ancestor Life: He |       |       |     1 |       ||     1
Evoke: Wand              |       |       |       |     4 ||     4
  Use: Potion            |       |       |       |     9 ||     9
       Scroll            |       |       |       |    15 ||    15
 Stab: Sleeping          |     8 |     6 |    12 |    10 ||    36
       Distracted        |       |     1 |     5 |    11 ||    17
       Confused          |       |       |     5 |    12 ||    17
Armor: Robe              |    11 |     9 |       |       ||    20
       Leather armour    |       |    11 |    70 |   199 ||   280
Dodge: Dodged            |    21 |    39 |    64 |   314 ||   438
Block: Other             |       |       |    27 |   128 ||   155
       Reflection        |       |       |       |     6 ||     6
